 Dungeon Crawl Stone Soup version 0.27.1-37-g7b29ead8ac (webtiles) character file.

Game seed: 13293881191356128835

120 cbfl8 the Covered (level 4, 0/44 HPs)
             Began as a Minotaur Fighter on June 24, 2023.
             Slain by Terence (3 damage)
             ... on level 2 of the Dungeon.
             The game lasted 00:01:22 (1649 turns).

cbfl8 the Covered (Minotaur Fighter)                Turns: 1649, Time: 00:01:24

Health: 0/44       AC:  7    Str: 22 (23) XL:     4   Next: 75%
Magic:  3/3        EV:  7    Int:  3 (5)  God:
Gold:   93         SH:  0    Dex: 11 (12) Spells: 3/3 levels left

rFire    . . .     SeeInvis .   a - +0 war axe
rCold    . . .     Faith    .   c - +0 kite shield
rNeg     . . .     Spirit   .   b - +0 scale mail
rPois    .         Reflect  .   (helmet restricted)
rElec    .         Harm     .   (no cloak)
rCorr    .         Rampage  .   (no gloves)
Will     .....                  (no boots)
Stlth    ..........             (no amulet)
HPRegen  0.14/turn              (no ring)
MPRegen  0.08/turn              (no ring)

@: confused, lethally poisoned (0 -> -16), ambrosia-drunk
A: horns 2, retaliatory headbutt, talons 1, agile 1, robust 1, strong 1
a: no special abilities


You were on level 2 of the Dungeon.
You visited 1 branch of the dungeon, and saw 3 of its levels.

You collected 93 gold pieces.

Inventory:

Hand Weapons
 a - a +0 war axe (weapon)
Armour
 b - a +0 scale mail (worn)
 c - a +0 kite shield (worn)
Jewellery
 k - an amulet of faith
 l - a ring of wizardry
Scrolls
 f - a scroll of acquirement {unknown}
 i - 2 scrolls of immolation {unknown}
 m - a scroll of teleportation {unknown}
 n - a scroll of identify {unknown}
 o - a scroll of enchant weapon {unknown}
Potions
 d - a potion of attraction {unknown}
 e - a potion of brilliance {unknown}
 j - a potion of flight {unknown}


   Skills:
 + Level 4.1 Fighting
 + Level 4.1 Axes
 + Level 4.2 Armour
 + Level 0.3 Dodging
 + Level 0.1 Stealth
 + Level 4.2 Shields
 * Level 1.5 Evocations


You had 3 spell levels left.
You didn't know any spells.
Your spell library was empty.

Dungeon Overview and Level Annotations

Branches:
Dungeon (3/15)

Altars:

Annotations:
D:2 Terence


Innate Abilities, Weirdness & Mutations

You have a pair of horns on your head.
You reflexively headbutt those who attack you in melee.
You have sharp toenails.
You are agile. (Dex +2)
You are robust. (+10% HP)
Your muscles are strong. (Str +2)


Message History

You block Terence's attack.
You are too injured to fight recklessly!
You are too injured to fight recklessly!
You are too injured to fight recklessly!
You are too injured to fight recklessly!
You hit Terence.
Terence is moderately wounded.
You feel very sick. You block Terence's attack. x2
You barely miss Terence. You headbutt Terence.
Terence is moderately wounded.
You feel very sick. You block Terence's attack.
You closely miss Terence.
Terence is moderately wounded.
You feel very sick. Terence hits you but does no damage.
You are lethally poisoned!
You block Terence's attack.
It was a potion of degeneration.
There was something very wrong with that liquid.
You feel weakened.
You feel dopey.
You feel clumsy.
* * * LOW HITPOINT WARNING * * *
You feel very sick. You block Terence's attack.
It was a potion of mutation.
You feel extremely strange.
You feel robust.
Your toenails lengthen and sharpen.
You feel agile.
You feel stronger.
* * * LOW HITPOINT WARNING * * *
You feel sick.
Terence hits you with a +1 short sword of venom.
* * * LOW HITPOINT WARNING * * *
You are more poisoned.
It was a potion of ambrosia.
You are confused.
You feel invigorated.
* * * LOW HITPOINT WARNING * * *
You feel very sick.
Terence hits you with a +1 short sword of venom.
You die...

#<..........#
#######.###.#
#........##.#
#.#####..##.#
#...#.#
#.#.#.#
#.#)#!#
#.#...#
..##@.# ##
#@.# #..#
#..# ..>.
####. . #


You could see Terence.

Vanquished Creatures
  An orc priest (D:3)
  An orc wizard (D:3)
  2 adders
  3 orcs (D:3)
  3 bats
  5 endoplasms
  3 giant cockroaches
  6 goblins
  3 hobgoblins
  3 jackals (D:1)
  A quokka (D:1)
  4 ball pythons
  A frilled lizard (D:1)
  3 kobolds
  4 rats
43 creatures vanquished.

Vanquished Creatures (others)
  A plant (D:1)
1 creature vanquished.

Grand Total: 44 creatures vanquished

Notes
Turn   | Place    | Note
-------+----------+-------------------------------------------
     0 | D:1      | cbfl8 the Minotaur Fighter began the quest for the Orb.
     0 | D:1      | Reached XP level 1. HP: 19/19 MP: 0/0
   124 | D:1      | Reached XP level 2. HP: 20/27 MP: 1/1
   570 | D:1      | Found a faded altar of an unknown god.
  1046 | D:2      | You fall into a shaft and drop 1 floor!
  1049 | D:3      | Reached XP level 3. HP: 30/33 MP: 2/2
  1050 | D:3      | Reached skill level 1 in Evocations
  1051 | D:3      | Reached XP level 4. HP: 30/40 MP: 3/3
  1637 | D:2      | Noticed Terence
  1648 | D:2      | Gained mutation: You are robust. (+10% HP) [potion of
                  | mutation]
  1648 | D:2      | Gained mutation: You have sharp toenails. [potion of
                  | mutation]
  1648 | D:2      | Gained mutation: You are agile. (Dex +2) [potion of
                  | mutation]
  1648 | D:2      | Gained mutation: Your muscles are strong. (Str +2) [potion
                  | of mutation]
  1649 | D:2      | Slain by Terence

Illustrated notes

Levels and vault maps discovered:
D:1:      tarquinn_simple_flora_water_e, layout_basic,
          hellmonk_ecumenical_altar_leap_of_faith,
          amcnicky_mini_rare_corridor_liquid, minmay_misc_feat_four_crosses,
          minmay_shallow_snake_nest
D:2:      layout_basic, minmay_tree_intersection, minmay_misc_feat_iff,
          uniq_terence
D:3:      kennysheep_big_flooded_room, layout_basic, cheibrodos_gnoll_hut,
          uniq_grinder

Skill      XL: |  1  2  3  4 |
---------------+-------------+-----
Axes           | 3 4 |  4.1
Fighting       | 4 |  4.1
Armour         | 4 |  4.2
Shields        | 4 |  4.2
Evocations     | 1 |  1.5
Dodging        | |  0.3
Stealth        | |  0.1

Action                   |  1- 3 |  4- 6 || total
-------------------------+-------+-------++-------
Melee: War axe           |    53 |    29 ||    82
       Headbutt          |     8 |     3 ||    11
  Use: Potion            |     1 |     3 ||     4
Armor: Scale mail        |    26 |    18 ||    44
Dodge: Dodged            |    17 |    12 ||    29
Block: Kite shield       |    33 |    19 ||    52
